 Dungeon Crawl Stone Soup version 0.14.0-6-g1bc2dff (console) character file.

332844 Rikelek the Bludgeoner (level 21, -9/195 HPs)
             Began as a Vine Stalker Wanderer on Apr 11, 2014.
             Was the Champion of Dithmenos.
             Killed by divine providence
             ... invoked by a sphinx
              (12 damage)
             ... on Level 5 of the Vaults on Apr 12, 2014.
             The game lasted 04:31:18 (49097 turns).

Rikelek the Bludgeoner (Vine Stalker Wanderer)     Turns: 49097, Time: 04:31:19

HP  -9/195       AC 33     Str 23 (24) XL: 21   Next: 80%
MP   0/30        EV  1     Int 14      God: Dithmenos [******]
Gold 70          SH 42     Dex 20 (21) Spells:  2 memorised, 21 levels left

rFire  . . .     SeeInvis .     n - +7 flail "Phaijeiw" {holy, rC+}
rCold  + . .     Clarity  .     K - melded +2 gold dragon armour
rNeg   + + +     Conserve .     v - +0 large shield
rPois  +         rCorr    .     h - +3 hat "Pan Zoxt" {Dex+5 Int+3 Curse}
rElec  .         rRot     +     g - melded +2 cloak
SustAb . .       Spirit   +     d - melded +3 pair of gauntlets of War {Acc+5 Dam+5}
rMut   .         Warding  +     L - melded +2 pair of boots {run}
Saprov . . .     NoTele   +     e - amulet of warding
MR     ++...                    N - ring of flight
                                z - ring of positive energy

@: tree-form, invisible, exhausted, very slightly contaminated, slowed, wreathed
by umbra, drained, very slow, very resistant to hostile enchantments, quite
stealthy
A: (fangs 0), blurry vision 1, deterioration 1, (fire resistance 0),
regeneration 3, robust 1, magic shield, (antimagic bite), no device heal
a: Shadow Step, Shadow Form, Renounce Religion
}: 2/15 runes: serpentine, barnacled


You were on level 5 of the Vaults.
You worshipped Dithmenos.
Dithmenos was exalted by your worship.
You were not hungry.
You were an animated tree.
You visited 9 branches of the dungeon, and saw 45 of its levels.
You visited the Abyss 1 time.
You also visited: Ice Cave.

You collected 3470 gold pieces.
You spent 3400 gold pieces at shops.

Inventory:

Hand weapons
 a - the +1,+8 demon whip "Tocuir" {freeze, rC++}
   (You acquired it on level 2 of the Shoals)

   It has been specially enchanted to freeze those struck by it, causing extra
   injury to most foes and up to double damage against particularly susceptible
   opponents.
   It can also slow down cold-blooded creatures.
   It greatly protects you from cold.
 b - a +0 blowgun
 n - the +7,+7 flail "Phaijeiw" (weapon) {holy, rC+}
   (You took it off a hobgoblin on level 8 of the Dungeon)

   It has been blessed by the Shining One to cause great damage to the undead
   and demons.
   It protects you from cold.
Missiles
 t - 4 steel javelins (quivered)
 w - 20 poisoned needles
Armour
 d - the +3 pair of gauntlets of War (melded) {Acc+5 Dam+5}
   (You found it in an ice cave)

   It affects your accuracy with ranged weapons and melee attacks (+5).
   It affects your damage with ranged weapons and melee attacks (+5).
 g - a +2 cloak (melded)
 h - the +3 hat "Pan Zoxt" (worn) {Dex+5 Int+3 Curse}
   (You found it in an ice cave)

   It affects your intelligence (+3).
   It affects your dexterity (+5).
   It may recurse itself when equipped.
 v - a +0 large shield (worn)
 K - a +2 gold dragon armour (melded)
 L - a +2 pair of boots of running (melded)
 Y - a +2 shield of protection
Magical devices
 c - a wand of cold (5)
 u - a wand of frost (11)
 x - a wand of disintegration (12)
 R - a wand of digging (14)
 U - a wand of cold (4)
Comestibles
 D - 9 meat rations
 E - a lemon
 G - a pear
Scrolls
 k - 4 scrolls of remove curse
 y - 2 scrolls of identify
 H - 2 scrolls of fog
Jewellery
 e - an amulet of warding (around neck)
 q - an uncursed ring of poison resistance
 z - a ring of positive energy (left branch)
 B - an uncursed ring of teleport control
 M - an uncursed ring of positive energy
 N - a ring of flight (right branch)
 Q - an uncursed ring of see invisible
Potions
 j - 2 potions of might
 m - 9 potions of curing
 p - a potion of brilliance
 C - 3 potions of agility
 J - a potion of invisibility
 O - a potion of flight
 T - a potion of porridge
Miscellaneous
 l - a stone of tremors
 r - a lantern of shadows


   Skills:
 + Level 16.1(15.8) Fighting
   Level 10.9(10.6) Axes
 + Level 18.2(17.9) Maces & Flails
   Level 2.4(2.2) Staves
   Level 1.0(0.8) Crossbows
 - Level 1.0(0.8) Throwing
 - Level 15.3(15.0) Armour
 - Level 4.0(3.7) Dodging
 - Level 1.0(0.8) Stealth
 + Level 15.4(15.1) Shields
 - Level 2.9(2.7) Spellcasting
 - Level 3.8(3.5) Translocations
 - Level 5.4(5.1) Invocations
 - Level 1.0(0.8) Evocations


You had 21 spell levels left.
You knew the following spells:

 Your Spells              Type           Power        Failure   Level  Hunger
a - Blink                 Tloc           N/A          10%         2    N/A
b - Swiftness             Chrm/Air       #.......     34%         2    N/A

Dungeon Overview and Level Annotations

Branches:
Dungeon (15/15)            Temple (1/1) D:5             Orc (4/4) D:11
    Elf (0/3) Orc:4          Lair (8/8) D:10         Shoals (5/5) Lair:6
  Snake (5/5) Lair:3        Slime (0/6) Lair:8       Vaults (5/5) D:14
  Blade (0/1) Vaults:4      Crypt (1/5) Vaults:2     Depths (1/5) D:15

Altars:
Ashenzari
Cheibriados
Dithmenos
Elyvilon
Fedhas
Kikubaaqudgha
Makhleb
Nemelex Xobeh
Okawaru
Sif Muna
Trog
Vehumet
Xom
Yredelemnul
Zin
The Shining One
Beogh

Shops:
D:4 %   D:8 :?=(   D:11 :   D:15 [   Orc:4 ?[(!!   Shoals:2 %}=?*   Shoals:4 (
Snake:5 (   Vaults:3 (

Annotations:
D:15 Sonja
Lair:8 exclusions: 2 oklob plants and 1 more exclusion
Snake:3 Asterion, Mara
Snake:5 1 exclusion


Innate Abilities, Weirdness & Mutations

You are immune to rotting.
((You have razor-sharp teeth.))*
You regenerate.
When hurt, damage is shared between your health and your magic reserves.
((Your bite disrupts and absorbs the magic of your enemies.))*
Potions and wands cannot restore your HP.
Your vision is a little blurry.
Your body is slowly deteriorating.
((Your flesh is heat resistant.))*
You are robust (+10% HP).


Message History

You block the Executioner's attack.
You miss the Executioner.
You bite the Executioner, but do no damage.
The Executioner is lightly wounded.
Your shadow hits the Executioner with a flail.
You block the Executioner's attack. The Executioner completely misses you.
You block the Executioner's attack.
The Executioner hits you but does no damage. x2
You block the Executioner's attack.
The reaper shouts, "You must die NOW!"
The phantasmal warrior hits you.
* * * LOW HITPOINT WARNING * * *
You block the vault guard's attack.
The Executioner hits you but does no damage.
The Executioner hits you.
* * * LOW HITPOINT WARNING * * *
The Executioner hits you but does no damage.
The sphinx mumbles some strange words.
Something smites you!
You die...

,***,,,,,*,,,,,#..#
*,,,*****,*****#..#
*,,,* *,* #..# *,,,
****,*****#..#
,***,,,,,*,,,,,#..#
,* *,,,,,*,.,,,#..#
,* *,,,,,*...,,#..#
,###,,,,,#..,,,#..#
*.@.#####D######..#
,**#)....#e....#..#
,* #.....#.@...#♣1#
,* #...).#.....#@W#
,* #.(((.#.....@@L#
***###########.e22#
,,,,,,...2.......H#
,,,,,,...........D#
.,,,,,,...........#
.,,,,, .........X.#
#******#######....#
* ,,** **,,.#...#
*,, ,* *,,,§.#..#


You could see a shadow dragon, a tentacled monstrosity, a sphinx, a lich, an
ironheart preserver, a reaper, a vault guard, a deep elf death mage, an
Executioner, a vault sentinel, a phantasmal warrior and a tormentor.

Vanquished Creatures
  An ancient lich (Vaults:5)
  Jory (Vaults:5)
  A golden dragon (Vaults:4)
  A bone dragon (Vaults:5)
  A tentacled monstrosity (Vaults:4)
  Vashnia (Snake:3)
  A titan (Vaults:5)
  A lich (Vaults:3)
  2 storm dragons (Vaults:5)
  3 sphinxes
  2 tengu reavers
  8 greater nagas
  Maud (D:14)
  2 frost giants
  Aizul (Snake:2)
  A deep elf sorcerer (Vaults:4)
  11 vault wardens
  The ghost of Sar the Brawler, a powerful TrFi of Jiyva (D:13)
  9 stone giants
  A curse skull (Crypt:1)
  A deep elf annihilator (Vaults:1)
  A dire elephant (Lair:8)
  2 blizzard demons (IceCv)
  5 ettins
  5 merfolk javelineers (Shoals:5)
  24 vault guards
  8 merfolk impalers
  11 ironheart preservers
  10 yaktaur captains
  4 sirens
  A fire dragon (Vaults:2)
  Fannar (D:10)
  Harold (Orc:4)
  A great orb of eyes (Vaults:4)
  17 naga warriors
  2 ice dragons
  3 ravenous feature mimics
  5 hydras
  12 ogre magi
  4 merfolk aquamancers
  A deep troll earth mage (Vaults:4)
  A deep troll shaman (Vaults:4)
  5 anacondas
  A dancing weapon (Vaults:4)
  A plague shambler (Crypt:1)
  4 death yaks
  A titan zombie (Crypt:1)
  29 naga sharpshooters
  3 orc high priests (Orc:4)
  Urug (D:14)
  6 shock serpents
  3 shadow wraiths
  A fire crab (shapeshifter) (Vaults:2)
  5 iron trolls
  5 ice devils (IceCv)
  16 centaur warriors
  A very ugly thing (Vaults:1)
  6 salamander mystics
  A deep elf knight (Vaults:1)
  4 sea snakes
  3 unseen horrors
  8 skeletal warriors (Vaults:1)
  4 deep trolls (Vaults:4)
  2 wizards
  12 naga ritualists
  The ghost of crisisinutopia the Basher, an experienced GrFi of Okawaru (D:8)
  A water nymph (Shoals:2)
  A deep elf summoner (Vaults:4)
  6 hill giants
  11 orc knights
  10 ironbrand convokers
  Joseph (D:7)
  13 mana vipers
  6 griffons
  4 orc sorcerers
  4 deep elf conjurers
  4 harpies
  A flaming corpse (Vaults:2)
  A griffon (shapeshifter) (Vaults:2)
  A mana viper (shapeshifter) (Vaults:2)
  6 manticores
  2 necromancers
  7 wolf spiders
  14 salamanders
  A draconian (shapeshifter) (Vaults:2)
  4 phantasmal warriors
  A sixfirhy (Lair:8)
  40 black mambas
  9 cyclopes
  A red wasp (Vaults:4)
  11 elephants
  3 fauns (Shoals:4)
  4 mermaids
  5 guardian serpents
  2 human skeletons (Vaults:3)
  A smoke demon (Lair:8)
  A stone giant skeleton (Crypt:1)
  A drowned soul (Shoals:1)
  31 naga magi
  2 orange demons (Lair:8)
  11 spiny frogs
  13 vault sentinels
  A feature mimic (Lair:4)
  4 gargoyles
  45 yaktaurs
  A centaur zombie (D:15)
  2 efreet (D:15)
  2 kobold demonologists (Vaults:1)
  4 anaconda simulacra (IceCv)
  3 blue devils (Lair:8)
  A golden dragon simulacrum (IceCv)
  2 deep elf priests (Vaults:4)
  3 fire drakes
  A polar bear (Lair:5)
  21 two-headed ogres
  7 komodo dragons
  13 trolls
  2 hydra zombies
  A hellwing (Lair:8)
  22 merfolk
  A queen bee (Lair:3)
  A red devil (Lair:8)
  2 wind drakes
  A silent spectre (Vaults:2)
  A hydra skeleton (D:12)
  A boulder beetle (shapeshifter) (Vaults:1)
  7 freezing wraiths
  2 human zombies (Vaults:3)
  3 blink frogs (Lair:1)
  23 slime creatures
  5 boulder beetles
  5 deep elf magi
  8 snapping turtles
  2 basilisks
  A brown ooze (shapeshifter) (Vaults:2)
  31 ugly things
  A redback (shapeshifter) (Vaults:1)
  A griffon skeleton (D:15)
  5 water elementals
  A hippogriff (shapeshifter) (Vaults:1)
  3 hungry ghosts
  2 fire dragon skeletons (D:15)
  3 wraiths
  A hill giant zombie (D:10)
  11 sharks
  31 yaks
  An elephant slug (Lair:5)
  18 vampire mosquitoes
  A hog (shapeshifter) (D:15)
  Grum (D:11)
  2 dire elephant simulacra (IceCv)
  5 deep elf fighters
  70 nagas
  4 harpy simulacra (IceCv)
  A death yak simulacrum (IceCv)
  A hill giant skeleton (D:9)
  6 hippogriffs
  An iron troll simulacrum (IceCv)
  A necrophage (D:8)
  A mottled dragon (D:14)
  A soldier ant (D:11)
  33 water moccasins
  5 wargs
  A soldier ant (shapeshifter) (Vaults:3)
  17 wolves
  2 hell hounds (Lair:8)
  12 ice beasts
  An ice dragon simulacrum (Crypt:1)
  3 hydra simulacra (IceCv)
  A swamp drake (Orc:1)
  2 yellow wasps
  8 porcupines
  A black bear (D:10)
  47 orc warriors
  25 centaurs
  A giant goldfish (Lair:6)
  A phantom (D:13)
  41 ogres
  A boring beetle (shapeshifter) (Vaults:3)
  8 sky beasts
  A dwarf (shapeshifter) (Vaults:4)
  2 boring beetles
  A manticore skeleton (D:13)
  12 crocodiles
  15 giant slugs
  Blork the orc (Orc:1)
  4 big kobolds
  14 giant frogs
  4 scorpions
  8 wights
  17 killer bees (Lair:3)
  A troll skeleton (D:8)
  An electric eel (Lair:5)
  8 crimson imps
  3 giant frog zombies
  2 draconian simulacra (IceCv)
  4 goliath beetles
  A big fish (D:10)
  A soldier ant zombie (D:10)
  3 centaur skeletons
  11 hounds
  4 jellies
  An orange rat (D:7)
  2 quasits
  32 orc priests
  A giant frog skeleton (D:12)
  An iron imp (Orc:1)
  8 iguanas
  8 worker ants
  42 orc wizards
  3 polar bear simulacra (IceCv)
  A wolf simulacrum (IceCv)
  A spriggan simulacrum (IceCv)
  2 troll simulacra (IceCv)
  2 brain worm zombies (D:15)
  10 sheep
  Ijyb (D:5)
  3 centaur simulacra (IceCv)
  A mottled dragon zombie (D:15)
  An ogre zombie (Vaults:5)
  A mummy (D:11)
  A hound skeleton (D:11)
  32 adders
  A scorpion zombie (D:9)
  A gnoll (D:3)
  46 green rats
  2 ogre simulacra (IceCv)
  A naga simulacrum (IceCv)
  5 worms
  4 giant mites
  2 inept feature mimics
  4 shadow imps
  5 ufetubi (IceCv)
  6 white imps
  2 giant eyeballs
  9 giant geckos
  An ooze (D:3)
  197 orcs
  17 bats
  A giant mite zombie (D:9)
  25 hobgoblins
  14 quokkas
  2 ball pythons
  3 giant cockroaches
  A giant cockroach zombie (D:6)
  A giant gecko zombie (D:7)
  7 giant newts
  4 giant spores
  16 goblins
  A hobgoblin zombie (D:5)
  11 jackals
  22 kobolds
  4 orc zombies
  A quokka skeleton (D:7)
  37 rats
  8 ballistomycetes
  2 crawling corpses (Vaults:4)
  A fungus (Lair:6)
  11 plants
1886 creatures vanquished.

Vanquished Creatures (collateral kills)
  An ironheart preserver (Vaults:4)
  3 deep trolls (Vaults:4)
  An ironbrand convoker (Vaults:4)
  A vault sentinel (Vaults:4)
  A freezing wraith (Vaults:4)
  A deep elf mage (Vaults:4)
  An ogre (Vaults:4)
  An orc wizard (D:11)
10 creatures vanquished.

Vanquished Creatures (others)
  A vault warden (Vaults:4)
  A naga sharpshooter (Snake:5)
  5 drowned souls (Shoals:1)
  A yaktaur (Vaults:4)
  A troll (Vaults:2)
  A naga (Snake:3)
  3 orcs
  2 quokkas (D:7)
  2 fungi
  2 plants
19 creatures vanquished.

Grand Total: 1915 creatures vanquished

Notes
Turn   | Place    | Note
--------------------------------------------------------------
     0 | D:1      | Rikelek, the Vine Stalker Wanderer, began the quest for the Orb.
     0 | D:1      | Reached XP level 1. HP: 11/11 MP: 1/1
   144 | D:1      | Reached skill level 3 in Fighting
   170 | D:1      | Reached XP level 2. HP: 16/16 MP: 3/3
   734 | D:2      | Reached XP level 3. HP: 8/20 MP: 2/4
  1303 | D:2      | Reached XP level 4. HP: 17/25 MP: 3/5
  1537 | D:2      | Reached skill level 4 in Fighting
  1938 | D:3      | Found a basalt altar of Yredelemnul.
  2490 | D:4      | Reached XP level 5. HP: 27/29 MP: 5/7
  2560 | D:4      | Found Uttets' Food Shop.
  2706 | D:4      | Noticed an ogre
  2719 | D:4      | Killed an ogre
  2773 | D:4      | Reached skill level 1 in Stealth
  2773 | D:4      | Gained mutation: You heal very quickly. [vine stalker growth]
  2773 | D:4      | Reached XP level 6. HP: 33/33 MP: 9/9
  3062 | D:4      | Reached skill level 1 in Axes
  3103 | D:4      | Identified a +2 pair of boots of running (You found it on level 4 of the Dungeon)
  3126 | D:5      | Entered Level 5 of the Dungeon
  3150 | D:5      | Reached XP level 7. HP: 29/37 MP: 5/10
  3251 | D:5      | Noticed Ijyb
  3268 | D:5      | Killed Ijyb
  3331 | D:5      | Found a staircase to the Ecumenical Temple.
  3348 | Temple   | Entered the Ecumenical Temple
  3418 | Temple   | Became a worshipper of Dithmenos the Shadowed
  3704 | D:5      | Found a deep blue altar of Sif Muna.
  3951 | D:6      | Reached skill level 5 in Axes
  3951 | D:6      | Gained mutation: You have razor-sharp teeth. [vine stalker growth]
  3951 | D:6      | Reached XP level 8. HP: 42/42 MP: 12/12
  4089 | D:6      | Reached skill level 6 in Axes
  4331 | D:6      | Reached skill level 7 in Axes
  4729 | D:7      | Noticed Joseph
  4742 | D:7      | Killed Joseph
  4742 | D:7      | Reached skill level 8 in Axes
  4742 | D:7      | Reached XP level 9. HP: 4/45 MP: 4/13
  4872 | D:7      | Reached skill level 9 in Axes
  5334 | D:7      | Reached skill level 10 in Axes
  5491 | D:7      | Acquired Dithmenos' first power
  5664 | D:7      | Got a polished ring mail
  5676 | D:7      | Identified the cursed +0 ring mail of Compression {Str-1 Stlth+} (You took it off a goblin on level 7 of the Dungeon)
  5827 | D:8      | Found Opaa's Weapon Emporium.
  5857 | D:8      | Reached XP level 10. HP: 49/51 MP: 12/14
  5888 | D:8      | Found Gran's Magic Scroll Boutique.
  5979 | D:8      | Reached skill level 5 in Fighting
  6015 | D:8      | Got a polished flail
  6032 | D:7      | Identified the +7,+7 flail "Phaijeiw" {holy, rC+} (You took it off a hobgoblin on level 8 of the Dungeon)
  6056 | D:8      | Found a glowing silver altar of Zin.
  6059 | D:8      | Found a glowing golden altar of the Shining One.
  6108 | D:8      | Reached skill level 1 in Maces & Flails
  6116 | D:8      | Found Klyudy's Jewellery Shoppe.
  6252 | D:8      | Acquired Dithmenos' second power
  6266 | D:8      | Found an iron altar of Okawaru.
  6271 | D:8      | Noticed crisisinutopia's ghost (experienced GrFi)
  6327 | D:8      | Killed crisisinutopia's ghost
  6327 | D:8      | Reached skill level 5 in Maces & Flails
  6398 | D:8      | Found Domurid's Book Boutique.
  6718 | D:9      | Got a transparent scale mail
  6731 | D:9      | Identified the cursed +4 scale mail of Resourcefulness {Acc+4} (You found it on level 9 of the Dungeon)
  7089 | D:10     | Entered Level 10 of the Dungeon
  7089 | D:10     | Noticed a hill giant
  7199 | D:9      | Killed a hill giant
  7199 | D:9      | Reached XP level 11. HP: 56/56 MP: 12/16
  7394 | D:10     | Paralysed by a giant eyeball for 4 turns
  7405 | D:10     | Paralysed by a giant eyeball for 4 turns
  7454 | D:10     | Noticed a hill giant
  7472 | D:10     | Killed a hill giant
  7515 | D:10     | Reached skill level 10 in Maces & Flails
  7614 | D:10     | Noticed Fannar
  7635 | D:10     | Killed Fannar
  7679 | D:10     | Acquired Dithmenos' third power
  7884 | D:10     | Found a staircase to the Lair.
  7904 | Lair:1   | Entered Level 1 of the Lair of Beasts
  7983 | Lair:1   | Reached skill level 11 in Maces & Flails
  8528 | Lair:1   | Gained mutation: You regenerate. [vine stalker growth]
  8528 | Lair:1   | Reached XP level 12. HP: 60/65 MP: 18/18
  8991 | D:11     | Found a staircase to the Orcish Mines.
  9002 | D:11     | Found a roughly hewn altar of Beogh.
  9212 | D:11     | Found Noeseol's Book Shoppe.
  9799 | D:12     | Acquired Dithmenos' fourth power
  9982 | D:12     | Reached skill level 12 in Maces & Flails
 10447 | D:12     | Reached skill level 5 in Armour
 11996 | Lair:3   | Found a staircase to the Snake Pit.
 12027 | Lair:3   | HP: 1/66 [poisoned by a water moccasin]
 12435 | Lair:3   | Reached XP level 13. HP: 70/70 MP: 18/18
 12512 | Lair:3   | Noticed a seven-headed hydra
 12518 | Lair:3   | Killed a seven-headed hydra
 13503 | Lair:4   | Reached skill level 1 in Invocations
 15137 | Lair:6   | Found a staircase to the Shoals.
 15214 | Lair:6   | Identified a +0 rod of striking (10/10) (You found it on level 6 of the Lair of Beasts)
 15450 | Lair:6   | Reached skill level 13 in Maces & Flails
 15787 | Orc:1    | Entered Level 1 of the Orcish Mines
 15787 | Orc:1    | Noticed Grum
 15832 | D:11     | Reached skill level 5 in Invocations
 15867 | D:11     | Killed Grum
 16005 | Orc:1    | Noticed Blork the orc
 16016 | Orc:1    | Killed Blork the orc
 16105 | Orc:1    | Learned a level 2 spell: Blink
 16333 | Orc:2    | Reached skill level 1 in Translocations
 16839 | Orc:3    | Reached skill level 1 in Spellcasting
 17506 | Orc:4    | Entered Level 4 of the Orcish Mines
 17506 | Orc:4    | Found a staircase to the Elven Halls.
 17507 | Orc:4    | Found a shimmering altar of Xom.
 17535 | Orc:4    | Found Nacarph's Magic Scroll Boutique.
 17555 | Orc:4    | Bought a scroll of acquirement for 624 gold pieces
 17775 | Orc:4    | Reached XP level 14. HP: 47/75 MP: 15/25
 18148 | Orc:4    | Found a roughly hewn altar of Beogh.
 18194 | Orc:4    | Noticed Harold
 18213 | Orc:4    | Killed Harold
 18279 | Orc:4    | Found a roughly hewn altar of Beogh.
 18307 | Orc:4    | Found Skuwas' Distillery.
 18314 | Orc:4    | Bought a potion of lignification for 36 gold pieces
 18314 | Orc:4    | Bought a potion of lignification for 36 gold pieces
 18607 | Orc:4    | Noticed an orc warlord
 18758 | Orc:4    | Found a roughly hewn altar of Beogh.
 18886 | Orc:4    | Found a roughly hewn altar of Beogh.
 18887 | Orc:4    | Found Qilemm's Antique Armour Shop.
 18899 | Orc:4    | Found Xyimoipe's Antique Weapon Boutique.
 18912 | Orc:4    | Bought a steaming mace for 280 gold pieces
 18913 | Orc:4    | Identified the +9,+10 mace of the Foot {flame, Int+3} (You bought it in a shop on level 4 of the Orcish Mines)
 18972 | Orc:4    | Found a roughly hewn altar of Beogh.
 18972 | Orc:4    | Found Schibig's Distillery.
 18978 | Orc:4    | Reached skill level 10 in Armour
 20940 | Lair:8   | Entered Level 8 of the Lair of Beasts
 21392 | Lair:8   | Found a burning altar of Makhleb.
 21896 | Lair:8   | Gained mutation: Your flesh is heat resistant. [potion of beneficial mutation]
 21897 | Lair:8   | Gained mutation: Your vision is a little blurry. [potion of mutation]
 21897 | Lair:8   | Gained mutation: Your body is slowly deteriorating. [potion of mutation]
 21897 | Lair:8   | Gained mutation: You are robust (+10% HP). [potion of mutation]
 21898 | Lair:8   | Paralysed by a potion of paralysis for 6 turns
 22198 | Lair:8   | Found a staircase to the Slime Pits.
 22582 | D:11     | Reached XP level 15. HP: 59/86 MP: 19/25
 23426 | D:13     | Noticed Sar's ghost (powerful TrFi)
 23489 | D:13     | Killed Sar's ghost
 23909 | D:14     | Noticed Maud
 23925 | D:14     | Killed Maud
 24137 | D:14     | Noticed Urug
 24166 | D:14     | Killed Urug
 24182 | D:14     | Found a gate to the Vaults.
 24523 | D:14     | Reached skill level 10 in Fighting
 24632 | D:15     | Entered Level 15 of the Dungeon
 24952 | D:15     | Found Silutiw's Antique Armour Boutique.
 24987 | D:15     | Bought a smoking shield for 304 gold pieces
 24995 | D:15     | Identified the cursed -4 shield "Crorois" {Spirit} (You bought it in a shop on level 15 of the Dungeon)
 25016 | D:15     | Bought a runed shield for 144 gold pieces
 25337 | D:15     | Noticed Sonja
 25353 | D:15     | Found a snail-covered altar of Cheibriados.
 25358 | D:15     | Cast into the Abyss (Sonja)
 25406 | D:15     | Escaped the Abyss
 25672 | D:15     | Found a staircase to the Depths.
 25688 | Depths:1 | Entered Level 1 of the Depths
 25697 | D:15     | Reached skill level 14 in Maces & Flails
 26345 | Shoals:1 | Entered Level 1 of the Shoals
 26863 | Shoals:1 | Reached skill level 1 in Shields
 27084 | Shoals:2 | Found Khohead's Food Shoppe.
 27134 | Shoals:2 | Found Waafat's Jewellery Emporium.
 27148 | Shoals:2 | Bought an uncursed ring of poison resistance for 380 gold pieces
 27161 | Shoals:2 | Found Foit's Gadget Shop.
 27444 | Shoals:2 | Found Himumatt's General Store.
 27450 | Shoals:2 | Found Efoekor's Magic Scroll Shoppe.
 27845 | Snake:1  | Entered Level 1 of the Snake Pit
 27861 | Lair:3   | Reached XP level 16. HP: 86/94 MP: 26/26
 27906 | Snake:1  | Reached skill level 5 in Shields
 28448 | Snake:1  | Identified a +0 rod of shadows (14/14) (You found it on level 1 of the Snake Pit)
 29382 | Snake:2  | Noticed Aizul
 29397 | Snake:2  | Killed Aizul
 30427 | Snake:3  | Noticed Vashnia
 30831 | Snake:3  | Reached skill level 10 in Shields
 31037 | Snake:3  | Killed Vashnia
 31290 | Snake:3  | Noticed Asterion
 31711 | Snake:4  | Reached XP level 17. HP: 100/100 MP: 27/27
 32016 | Snake:3  | Learned a level 2 spell: Swiftness
 32071 | Snake:5  | Entered Level 5 of the Snake Pit
 32584 | Snake:5  | Found Iklielesm's Antique Weapon Emporium.
 32840 | Snake:5  | Reached skill level 15 in Maces & Flails
 34676 | Snake:5  | Got a serpentine rune of Zot
 34872 | Snake:5  | Reached XP level 18. HP: 90/108 MP: 28/28
 35823 | Snake:3  | Noticed Mara
 36236 | Vaults:1 | Entered Level 1 of the Vaults
 37130 | Vaults:1 | Reached skill level 16 in Maces & Flails
 37886 | Vaults:1 | Reached XP level 19. HP: 115/115 MP: 28/28
 39158 | Vaults:2 | Found a staircase to the Crypt.
 40960 | Vaults:3 | Found Kuumal's Antique Weapon Shop.
 40971 | Vaults:3 | Bought an ancient mace for 304 gold pieces
 40972 | Vaults:3 | Identified the +7,+4 mace of Infinite Pain {venom, Str+2 Int+3} (You bought it in a shop on level 3 of the Vaults)
 41546 | Vaults:3 | Reached XP level 20. HP: 48/123 MP: 13/29
 42120 | Vaults:4 | Reached skill level 17 in Maces & Flails
 42252 | Vaults:4 | Reached skill level 15 in Armour
 42259 | Vaults:4 | Found a staircase to the Hall of Blades.
 42375 | Vaults:4 | Paralysed by a sphinx for 5 turns
 43128 | Vaults:5 | Entered Level 5 of the Vaults
 43241 | Vaults:5 | Noticed Jory
 43488 | Vaults:5 | Noticed a bone dragon
 43590 | Vaults:5 | Noticed a Brimstone Fiend
 43660 | Vaults:4 | Reached skill level 15 in Fighting
 44430 | Shoals:2 | Bought a scroll of acquirement for 988 gold pieces
 44430 | Shoals:2 | Bought a scroll of teleportation for 57 gold pieces
 44430 | Shoals:2 | Bought a scroll of blinking for 142 gold pieces
 44434 | Shoals:2 | Got a warped demon whip
 44435 | Shoals:2 | Identified the +1,+8 demon whip "Tocuir" {freeze, rC++} (You acquired it on level 2 of the Shoals)
 44522 | Shoals:4 | Found a frozen archway.
 44559 | IceCv    | Entered an ice cave
 45222 | IceCv    | Got a fine mace
 45223 | IceCv    | Identified the cursed +2,+3 mace "Itievviv" {crush, rN+ Str+1 SInv} (You found it in an ice cave)
 45234 | IceCv    | Got a pitted hat
 45238 | IceCv    | Identified the +3 hat "Pan Zoxt" {Dex+5 Int+3 Curse} (You found it in an ice cave)
 45501 | Shoals:4 | Found Ekej's Antique Weapon Emporium.
 45557 | Shoals:5 | Entered Level 5 of the Shoals
 45753 | Shoals:5 | Reached XP level 21. HP: 110/128 MP: 30/30
 46328 | Shoals:5 | Got a barnacled rune of Zot
 46886 | Crypt:1  | Entered Level 1 of the Crypt
 47470 | Vaults:5 | Noticed a golden dragon
 47493 | Vaults:5 | Noticed an ancient lich
 47768 | Vaults:5 | Reached skill level 15 in Shields
 47949 | Vaults:4 | Killed a golden dragon
 48526 | D:8      | Bought a scroll of enchant armour for 105 gold pieces
 48920 | Vaults:5 | Killed Jory
 48920 | Vaults:5 | Reached skill level 18 in Maces & Flails
 48931 | Vaults:5 | Killed an ancient lich
 48957 | Vaults:5 | Killed a bone dragon
 49096 | Vaults:5 | HP: 6/195 [sphinx/divine providence (10)]
 49097 | Vaults:5 | Killed from afar by a sphinx

Action                   |  1- 3 |  4- 6 |  7- 9 | 10-12 | 13-15 | 16-18 | 19-21 || total
-------------------------+-------+-------+-------+-------+-------+-------+-------++-------
Melee: Quarterstaff      |   106 |    86 |       |       |       |       |       ||   192
       War axe           |       |    18 |   330 |    18 |       |       |       ||   366
       Flail             |       |       |       |   759 |  1984 |  2020 |  1345 ||  6108
       Unarmed           |       |       |       |       |   148 |       |       ||   148
       Mace              |       |       |       |       |    30 |       |       ||    30
       Demon whip        |       |       |       |       |       |       |   548 ||   548
 Fire: Blowgun           |       |     3 |    11 |    14 |     4 |       |       ||    32
Throw: Tomahawk          |       |     1 |     4 |    10 |       |       |       ||    15
Invok: Shadow Form       |       |       |       |       |       |       |     1 ||     1
 Abil: Evoke Flight      |       |       |       |       |       |       |    10 ||    10
       Stop Flying       |       |       |       |       |       |       |     3 ||     3
Evoke: Wand              |       |       |     3 |     8 |    16 |     9 |     3 ||    39
       Stone of tremors  |       |       |       |       |     1 |       |       ||     1
       Rod               |       |       |       |       |       |     2 |       ||     2
  Use: Potion            |     1 |       |     1 |     6 |    11 |     3 |    10 ||    32
       Scroll            |     2 |     4 |    10 |     7 |     8 |     4 |    17 ||    52
 Stab: Invisible         |       |       |       |       |     7 |       |       ||     7
       Distracted        |       |       |       |       |     3 |       |     3 ||     6
